Map: 글리터링 애쉬즈 - 래더

Players

DPGZest (Zest) - Winner!

  • Race: Protoss Protoss
  • League: Master

Maru

  • Race: Terran Terran
  • League: Master

Event: DreamHack SC2 Masters Last Chance 2022

VOD

Have the link to the VOD?

Description

Time

  • Played on: Dec. 15, 2021, 6:04 a.m.
  • Length: 12:05

All games in this series

Show
View Real Time Build Order
Export as new Build Order

DPGZest Protoss - Winner!

Build Orders: 1 Gate Expand, Oracle Opening 

Get SALT Encoding   

  12  0:00  Probe  
  13  0:12  Probe  
  14  0:17  Pylon  
  14  0:24  Probe (Chrono Boost)  
  15  0:36  Gateway, Probe (Chrono Boost)  
  16  0:44  Probe (Chrono Boost)  
  16  0:46  Assimilator  
  17  0:51  Probe  
  18  1:03  Probe  
  19  1:15  Probe  
  20  1:23  Cybernetics Core  
  20  1:35  Nexus  
  20  1:41  Zealot (Chrono Boost)  
  22  1:49  Pylon  
  22  1:52  Probe  
  23  2:07  Stalker (Chrono Boost), Probe  
  26  2:11  Assimilator  
  26  2:19  Probe  
  27  2:27  Stalker (Chrono Boost)  
  28  2:31  Probe  
  29  2:43  Probe  
  30  2:44  Stargate  
  30  2:49  Stalker (Chrono Boost)  
  32  2:55  Probe  
  32  2:56  Probe  
  34  3:03  Gateway  
  33  3:07  Probe  
  34  3:12  Warp Gate  
  34  3:14  Probe  
  34  3:19  Probe  
  36  3:25  Oracle (Chrono Boost)  
  36  3:26  Probe  
  37  3:31  Probe  
  41  3:37  Pylon  
  41  3:38  Probe  
  42  3:43  Probe  
  43  3:50  Probe  
  43  3:53  Oracle (Chrono Boost)  
  44  3:56  Probe  
  44  4:00  Pylon  
  49  4:02  Probe  
  49  4:08  Probe  
  50  4:14  Probe  
  51  4:20  Probe  
  48  4:27  Probe  
  44  4:31  Oracle  
  44  4:32  Probe  
  47  4:39  Probe  
  47  4:44  Probe  
  47  4:51  Probe  
  48  4:54  Twilight Council  
  48  4:55  Gateway  
  48  4:56  Probe  
  48  4:57  Assimilator  
  48  4:58  Gateway  
  49  5:03  Probe  
  49  5:06  Stalker x2  
  54  5:08  Probe  
  54  5:11  Pylon  
  54  5:15  Probe  
  54  5:20  Probe  
  56  5:23  Shield Battery  
  56  5:27  Probe  
  57  5:29  Stalker x2  
  57  5:31  Blink (Chrono Boost)  
  61  5:56  Stalker x3  
  61  5:58  Probe x2  
  61  6:02  Nexus  
  63  6:05  Stalker  
  63  6:10  Probe x2  
  63  6:11  Pylon  
  67  6:20  Pylon  
  67  6:22  Probe x2  
  69  6:32  Stalker x4  
  77  6:34  Probe  
  77  6:38  Probe  
  79  6:49  Gateway  
  79  6:50  Gateway  
  79  6:52  Dark Shrine  
  79  6:58  Gateway, Charge (Chrono Boost)  
  79  7:01  Gateway  
  79  7:02  Pylon  
  79  7:07  Pylon  
  79  7:14  Pylon  
  79  7:16  Probe x3  
  79  7:20  Gateway  
  82  7:25  Gateway  
  82  7:32  Pylon  
  82  7:35  Probe x3  
  85  7:47  Probe x3, Pylon  
  88  7:51  Assimilator  
  88  7:56  Assimilator  
  88  7:57  Zealot x3  
  88  7:58  Zealot x5  
  104  8:18  Dark Templar x4  
  104  8:19  Zealot x4  
  114  8:40  Zealot x5  
  101  8:57  Stalker x2  
  101  9:01  Stalker x5  
  101  9:02  Zealot  
  70  10:06  Nexus, Pylon  
  70  10:31  Shield Battery  
  70  10:39  Archon  
  70  10:40  Archon  
  70  11:27  Shield Battery  
  36  12:00  Zealot  
Show
View Real Time Build Order
Export as new Build Order

Maru Terran 

Build Orders:  

Get SALT Encoding   

  12  0:00  SCV  
  13  0:12  SCV  
  14  0:16  Supply Depot  
  14  0:24  SCV  
  15  0:38  SCV  
  15  0:40  Barracks  
  16  0:44  Refinery  
  16  0:50  SCV  
  16  0:53  Refinery  
  17  1:02  SCV  
  18  1:14  SCV  
  19  1:27  Reaper, Orbital Command  
  20  1:35  Supply Depot  
  20  1:43  Factory  
  20  1:53  SCV  
  21  2:00  Bunker  
  21  2:05  SCV  
  22  2:17  SCV  
  23  2:29  SCV  
  26  2:30  Widow Mine  
  26  2:34  Marine  
  27  2:38  Starport  
  27  2:40  Supply Depot  
  27  2:41  SCV  
  28  2:53  SCV  
  28  2:54  Widow Mine, Barracks Reactor  
  30  3:04  Command Center  
  30  3:08  SCV  
  31  3:15  Medivac  
  33  3:20  Factory Tech Lab  
  33  3:21  SCV  
  33  3:23  Supply Depot  
  34  3:30  Marine x2  
  34  3:34  SCV  
  37  3:45  Cyclone  
  40  3:50  SCV  
  40  3:54  Viking, Marine x2  
  45  4:02  SCV  
  46  4:12  Marine x2  
  46  4:15  SCV  
  47  4:29  Cyclone  
  47  4:30  Marine x2  
  47  4:31  SCV  
  49  4:42  Starport Tech Lab  
  49  4:47  Marine  
  49  4:48  SCV, Marine  
  52  4:56  Barracks  
  52  5:00  SCV  
  52  5:04  Orbital Command  
  52  5:05  Siege Tank  
  54  5:08  Raven  
  54  5:12  SCV  
  51  5:24  SCV, Refinery  
  51  5:25  Engineering Bay  
  51  5:26  Marine x2  
  54  5:31  SCV  
  54  5:34  Supply Depot  
  55  5:36  SCV  
  55  5:37  Siege Tank  
  59  5:43  SCV  
  59  5:44  Marine x2  
  59  5:48  SCV  
  60  5:55  SCV  
  61  6:00  SCV  
  61  6:03  Barracks  
  61  6:04  Bunker  
  62  6:05  Supply Depot, Stimpack  
  62  6:07  SCV  
  62  6:09  Terran Infantry Weapons Level 1  
  63  6:13  SCV  
  63  6:15  Siege Tank  
  63  6:17  Marine x2  
  63  6:18  Marine  
  70  6:24  Supply Depot  
  70  6:27  Supply Depot, SCV x2  
  70  6:29  Starport Reactor  
  72  6:35  Marine  
  72  6:39  SCV x2  
  75  6:40  Marine  
  75  6:41  Marauder  
  78  6:49  Supply Depot  
  78  6:51  SCV x2  
  78  6:52  Marine  
  81  6:55  Combat Shield  
  81  6:56  Factory Reactor  
  81  6:57  Marauder  
  81  6:58  Marine  
  81  7:00  Refinery  
  84  7:03  SCV  
  85  7:09  Marauder, Medivac  
  85  7:10  Marine  
  85  7:12  Supply Depot  
  85  7:13  Medivac  
  85  7:15  SCV  
  92  7:25  Supply Depot  
  92  7:27  Marauder, Marine  
  92  7:28  Marine  
  96  7:30  Marauder  
  96  7:33  Widow Mine x2  
  96  7:35  Supply Depot  
  101  7:45  Concussive Shells  
  101  7:46  Medivac, Marine x2  
  101  7:48  Marauder  
  107  7:52  Marauder  
  107  7:58  Supply Depot, Widow Mine x2  
  113  8:03  Marine  
  108  8:09  Medivac  
  108  8:10  Marauder  
  112  8:13  Marauder  
  112  8:18  Marine  
  115  8:21  Marine  
  109  8:30  Widow Mine  
  109  8:31  Marauder  
  101  8:34  Marauder  
  101  8:36  Marine  
  101  8:40  Marine  
  78  8:52  Marauder  
  78  8:54  Marine  
  67  8:56  Marauder  

Tags
 
Add a new tag
Caveats
  • Supply blocks, unpowered buildings, or Contaminate may cause inaccurate times.
  • Supply counts are checked every 10 seconds.